cohdb
Replays
Latest Replays
All Replays
Popular Replays
Top Player Replays
Match Explorer
How It Works
Community
CoH3 Stats
Reddit
Sign in to upload your games and track your stats! →
Sign in with Steam
Match 45359225
Unlisted
Match 45359225
Overview
Messages
Build Orders
End
Scout Squad
Construct Barracks
Selects Heavy Weapons
Riflemen Squad
Riflemen Squad
Riflemen Squad
Construct Weapon Support Center
Selects Assault Carriers
M1919 Machine Gun Team
Air Support Center
M3 Assault Carrier
Grasshopper Recon Run
Engineer Squad
P-47 Strafing Run
Selects Exchangeable Parts
M1918 Browning Automatic Rifles
Grenade Package
M3 Assault Carrier
Grasshopper Recon Run
Riflemen Squad
Grasshopper Recon Run
Bazooka Squad
Bazooka Squad
Grasshopper Recon Run
ManOfWar
P3prime
T.R. Olvadi
Makros
0
0
Comments
sign in to comment!
No comments posted yet!